 Dungeon Crawl Stone Soup version 0.20.1-1-g8b1a95d66d (webtiles) character file.

142 Popi the Grave Robber (level 5, 0/28 HPs)
             Began as a Deep Elf Necromancer on Dec 18, 2017.
             Slain by Sigmund
             ... wielding a +0 scythe
              (5 damage)
             ... on level 3 of the Dungeon.
             The game lasted 00:11:57 (2646 turns).

Popi the Grave Robber (Deep Elf Necromancer)        Turns: 2646, Time: 00:11:58

Health: 0/28       AC:  3    Str:  5    XL:     5   Next: 4%
Magic:  5/14       EV: 13    Int: 21    God:
Gold:   101        SH:  0    Dex: 15    Spells: 8/14 levels left

rFire    x . .     SeeInvis .   e - +3 spear
rCold    + . .     Gourm    .   (no shield)
rNeg     . . .     Faith    .   a - +0 robe
rPois    .         Spirit   .   g - +0 helmet
rElec    .         Reflect  .   (no cloak)
rCorr    .         Harm     .   (no gloves)
MR       .....                  (no boots)
Stlth    ++........             (no amulet)
Regen    0.1/turn               i - ring of ice
MPRegen  0.2/turn               (no ring)

@: no status effects
A: no striking features
a: no special abilities


You were on level 3 of the Dungeon.
You were not hungry.

You visited 1 branch of the dungeon, and saw 3 of its levels.

You collected 101 gold pieces.

Inventory:

Hand Weapons
 e - a +3 spear (weapon)
Armour
 a - a +0 robe (worn)
 g - a +0 helmet (worn)
Jewellery
 i - a ring of ice (left hand)
 m - an uncursed ring of protection from fire {unknown}
Scrolls
 d - a scroll of amnesia
 h - a scroll of recharging
 j - a scroll of teleportation {unknown}
Potions
 f - a potion of agility
Books
 b - a book of Necromancy

   Spells                             Type                      Level
   a - Pain                           Necromancy                   1
   b - Animate Skeleton               Necromancy                   1
   c - Vampiric Draining              Necromancy                   3
   d - Regeneration                   Charms/Necromancy            3
   e - Animate Dead                   Necromancy                   4
   f - Control Undead                 Necromancy                   4
Comestibles
 c - 2 bread rations
 k - a fruit


   Skills:
 - Level 2.4 Dodging
 - Level 2.4 Stealth
 - Level 5.0 Spellcasting
 + Level 6.7 Necromancy


You had 8 spell levels left.
You knew the following spells:

 Your Spells              Type           Power        Failure   Level  Hunger
a - Pain                  Necr           ####         1%          1    None
b - Animate Skeleton      Necr           N/A          1%          1    None
c - Animate Dead          Necr           N/A          7%          4    ####...


Dungeon Overview and Level Annotations

Branches:
Dungeon (3/15)

Altars:
Fedhas

Annotations:
D:3 LadyOphelia's ghost, amateur DsGl; Sigmund


Message History

The orc wizard seems to speed up.
Something hits you but does no damage.
Casting: Pain
Confirm with . or Enter, or press ? or * to list all spells.
Aiming: Pain
Press: ? - help, Shift-Dir - straight line, f/p - orc wizard
Aim: an orc wizard, wielding a dagger and wearing a robe (almost dead, fast, chance to defeat MR: 84%)
The orc wizard barely resists.
The orc wizard completely misses you.
Casting: Pain
Confirm with . or Enter, or press ? or * to list all spells.
Aiming: Pain
Press: ? - help, Shift-Dir - straight line, f/p - orc wizard
Aim: an orc wizard, wielding a dagger and wearing a robe (almost dead, fast, chance to defeat MR: 84%)
The orc wizard writhes in agony!
You kill the orc wizard!
You have reached level 5!
Something hits you!
* * * LOW HITPOINT WARNING * * *
You start resting.
Something hits you.
You die...

######.## #
.........# #
##########..# #
#.......##..#
#.#####.##..#
#........#..#
#.#####..#..######.#
### #..o..........
##.#@#########
#.#.########
#.#....(....
#o########## #.###
#####...######
........$.!...#
##.#####)####.# #.#


You could see an orc.

Vanquished Creatures
  An orc wizard (D:3)
  3 adders (D:2)
  An ooze (D:2)
  2 worms (D:2)
  A dart slug (D:1)
  3 leopard geckos
  An orc (D:3)
  A ball python (D:2)
  15 bats
  4 giant cockroaches
  6 goblins
  10 hobgoblins
  4 jackals
  A quokka (D:2)
  4 frilled lizards
  4 kobolds
  4 rats
65 creatures vanquished.

Vanquished Creatures (collateral kills)
  A bat (D:1)
1 creature vanquished.

Grand Total: 66 creatures vanquished

Notes
Turn   | Place    | Note
-------+----------+-------------------------------------------
     0 | D:1      | Popi the Deep Elf Necromancer began the quest for the Orb.
     0 | D:1      | Reached XP level 1. HP: 10/10 MP: 6/6
     8 | D:1      | Learned a level 1 spell: Animate Skeleton
    11 | D:1      | Reached skill level 5 in Necromancy
    69 | D:1      | Reached XP level 2. HP: 6/15 MP: 3/8
   931 | D:1      | Reached XP level 3. HP: 12/19 MP: 3/11
  1413 | D:2      | Reached skill level 5 in Spellcasting
  1560 | D:2      | Reached XP level 4. HP: 19/24 MP: 8/13
  1743 | D:2      | Learned a level 4 spell: Animate Dead
  1962 | D:2      | Reached skill level 6 in Necromancy
  1969 | D:2      | Found a blossoming altar of Fedhas.
  2502 | D:3      | Noticed LadyOphelia's ghost (amateur DsGl)
  2624 | D:3      | Noticed Sigmund
  2635 | D:3      | Reached XP level 5. HP: 17/28 MP: 4/14
  2646 | D:3      | Slain by Sigmund

Skill      XL: |  1  2  3  4 |
---------------+-------------+-----
Necromancy     | 5 6 |  6.7
Spellcasting   | 4 5 |  5.0
Dodging        | |  2.4
Stealth        | |  2.4

Action                   |  1- 3 |  4- 6 || total
-------------------------+-------+-------++-------
Melee: Spear             |       |     2 ||     2
 Cast: Pain              |    67 |    59 ||   126
       Animate Skeleton  |     1 |     2 ||     3
  Use: Scroll            |       |     6 ||     6
  Eat: Chunk             |     2 |     3 ||     5
Armor: Robe              |     3 |     5 ||     8
Dodge: Dodged            |     7 |    10 ||    17
